 Dungeon Crawl Stone Soup version 0.21.1-1-g345015fe64 (webtiles) character file.

119 Lavandula the Digger (level 5, -1/35 HPs)
             Began as a Barachi Earth Elementalist on July 19, 2018.
             Slain by an orc priest
             ... wielding a +0 short sword
              (4 damage)
             ... on level 4 of the Dungeon.
             The game lasted 00:03:58 (610 turns).

Lavandula the Digger (Barachi Earth Elementalist)    Turns: 610, Time: 00:03:58

Health: -1/35      AC:  2    Str:  9    XL:     5   Next: 3%
Magic:  0/11       EV: 12    Int: 21    God:
Gold:   39         SH:  0    Dex: 13    Spells: 8/12 levels left

rFire    . . .     SeeInvis .   g - +0 spear
rCold    . . .     Gourm    .   (no shield)
rNeg     . . .     Faith    .   c - +0 robe
rPois    .         Spirit   .   (no helmet)
rElec    .         Reflect  .   (no cloak)
rCorr    .         Harm     .   (no gloves)
MR       .....                  (no boots)
Stlth    ++........             (no amulet)
HPRegen  0.11/turn              (no ring)
MPRegen  0.12/turn              (no ring)

@: brilliant, slow
A: +LOS, swims, slowness 1, strong legs 1
a: Hop


You were on level 4 of the Dungeon.
You were not hungry.

You visited 1 branch of the dungeon, and saw 4 of its levels.

You collected 39 gold pieces.

Inventory:

Hand Weapons
 g - a +0 spear (weapon)
Missiles
 b - 17 stones (quivered)
 f - 8 tomahawks
Armour
 c - a +0 robe (worn)
 l - a +0 scale mail
Scrolls
 a - a scroll of fog {unknown}
 h - a scroll of immolation {unknown}
 i - a scroll of identify {unknown}
 k - a scroll of magic mapping {unknown}
Books
 e - a book of Geomancy

   Spells                             Type                      Level
   a - Sandblast                      Earth                        1
   b - Passwall                       Transmutation/Earth          2
   c - Stone Arrow                    Conjuration/Earth            3
   d - Petrify                        Transmutation/Earth          4
   e - Lee's Rapid Deconstruction     Earth                        5
Comestibles
 d - 3 rations


   Skills:
 - Level 2.1 Dodging
 - Level 1.7 Stealth
 - Level 4.0 Spellcasting
   Level 1.1 Transmutations
 + Level 4.3 Earth Magic


You had 8 spell levels left.
You knew the following spells:

 Your Spells              Type           Power        Failure   Level  Hunger
a - Sandblast             Erth           #####.       1%          1    None
b - Stone Arrow           Conj/Erth      ####..       1%          3    ###....


Dungeon Overview and Level Annotations

Branches:
Dungeon (4/15)
 Temple: D:4-7

Altars:
Dithmenos
Gozag
Okawaru


Innate Abilities, Weirdness & Mutations

Shadows flee at your approach. (+LOS)
You can swim through water.
You cover ground slowly.
You can hop short distances.


Message History

Aiming: Sandblast
Press: ? - help, Shift-Dir - straight line, f/p - orc priest
Aim: an orc priest, wielding a short sword and wearing a ring mail (almost dead)
The blast of sand hits the orc priest.
The orc priest is almost dead.
b - 17 stones The orc priest hits you with a short sword.
* * * LOW HITPOINT WARNING * * *
Casting: Sandblast
Confirm with . or Enter, or press ? or * to list all spells.
Okay, then.
You hit the orc priest but do no damage.
The orc priest is almost dead.
The orc priest barely misses you.
Evoke which item? (* to show all) (? for menu, Esc to quit)
Okay, then.
It was a potion of brilliance.
You feel clever all of a sudden.
The orc priest hits you with a short sword.
You die...

. . ########## o#.#
#........# .... #.#..###.#
.# #...##########.#
....#.......# #.#
#....##..)# ###.#
#...†.o@[.# #...##
.......##...###....#######
...... #........_........
..... #...####....#####.
.... #...# ##...# ###. ...
#...# #.### #... .. #...#
#.# #.#. # #...# #.#
###... ####+ #.# #.....


You could see an orc priest.

Vanquished Creatures
  A hound (D:4)
  An orc wizard (D:3)
  3 adders (D:2)
  A dart slug (D:1)
  A leopard gecko (D:2)
  5 orcs
  4 bats
  A giant cockroach (D:3)
  2 goblins (D:1)
  2 hobgoblins (D:2)
  A quokka (D:4)
  A ball python (D:1)
  A frilled lizard (D:1)
  3 kobolds
  A rat (D:1)
28 creatures vanquished.

Notes
Turn   | Place    | Note
-------+----------+-------------------------------------------
     0 | D:1      | Lavandula the Barachi Earth Elementalist began the quest for the Orb.
     0 | D:1      | Reached XP level 1. HP: 13/13 MP: 3/3
   118 | D:1      | Reached XP level 2. HP: 16/19 MP: 2/5
   178 | D:2      | Found an iron altar of Okawaru.
   247 | D:1      | Reached XP level 3. HP: 21/24 MP: 6/8
   280 | D:2      | Learned a level 3 spell: Stone Arrow
   401 | D:3      | Found a shadowy altar of Dithmenos.
   444 | D:3      | Reached XP level 4. HP: 16/30 MP: 0/10
   547 | D:4      | Found an opulent altar of Gozag.
   576 | D:4      | Reached XP level 5. HP: 30/35 MP: 9/11
   610 | D:4      | Slain by an orc priest

Skill      XL: |  1  2  3  4 |
---------------+-------------+-----
Spellcasting   | 3 4 |  4.0
Earth Magic    | 4 |  4.3
Dodging        | |  2.1
Stealth        | |  1.7
Transmutations | |  1.1

Action                   |  1- 3 |  4- 6 || total
-------------------------+-------+-------++-------
Melee: Spear             |    42 |     8 ||    50
 Cast: Sandblast         |    34 |    18 ||    52
 Abil: Hop               |       |     1 ||     1
  Use: Potion            |       |     1 ||     1
 Stab: Sleeping          |     5 |       ||     5
       Distracted        |     1 |       ||     1
Armor: Robe              |    12 |     1 ||    13
Dodge: Dodged            |    25 |     5 ||    30
